cohdb
Replays
Latest Replays
All Replays
Popular Replays
Top Player Replays
Match Explorer
How It Works
Community
CoH3 Stats
Reddit
Sign in to upload your games and track your stats! →
Sign in with Steam
Match 41507242
Unlisted
Match 41507242
Overview
Messages
Build Orders
End
Selects Australian Defense Battlegroup
Selects Australian Light Infantry Section
Australian Light Infantry Section
Vickers Machine Gun Team
Australian Light Infantry Section
Construct Section Command Post
Infantry Section
Selects Defensive Tactics
Construct Platoon Command Post
Selects Hold the Line!
Selects CMP 15cwt Supply Run
Selects Reinforced Resource Caches
Construct Field Infirmary
Unlock Bishop Self-propelled Artillery
Pepryn
Sunset1982
aekaelin
DJokerld
|-J5D-| MAREK POLSKA
Papa Shango
Husar
SIEPACZ
0
0
Comments
sign in to comment!
No comments posted yet!